 Dungeon Crawl Stone Soup version 0.18.1-50-g88ac8fd (webtiles) character file.

1369 nikopol the Chopper (level 8, 0/75 HPs)
             Began as a Hill Orc Berserker on Oct 22, 2016.
             Was a Priest of Trog.
             Slain by a steam dragon (5 damage)
             ... on level 5 of the Dungeon.
             The game lasted 00:18:11 (6627 turns).

nikopol the Chopper (Hill Orc Berserker)            Turns: 6627, Time: 00:18:12

Health: 0/75       AC: 12    Str: 21    XL:     8   Next: 65%
Magic:  8/8        EV:  9    Int: 10    God:    Trog [***...]
Gold:   226        SH:  0    Dex: 11    Spells: 0 memorised, 7 levels left

rFire  + + .     SeeInvis .     a - +0 hand axe
rCold  + + .     Gourm    .     y - +0 chain mail (curse)
rNeg   + . .     Faith    .     (no shield)
rPois  .         Spirit   .     B - +0 helmet "Igiegg" {rF+ rC++ rN+} (curse)
rElec  .         Dismiss  .     (no cloak)
rCorr  .         Reflect  .     (no gloves)
SustAt .         Harm     +     (no boots)
MR     .....                    l - amulet of harm
Stlth  ..........               d - ring of protection from fire
                                h - +3 ring of intelligence

@: not resistant to hostile enchantments, extremely unstealthy
A: rugged brown scales 1
a: Berserk, Trog's Hand, Burn Spellbooks, Renounce Religion


You were on level 5 of the Dungeon.
You worshipped Trog.
Trog was most pleased with you.
You were very hungry.

You visited 1 branch of the dungeon, and saw 5 of its levels.

You collected 226 gold pieces.

Inventory:

Hand Weapons
 a - a +0 hand axe (weapon)
Missiles
 f - 41 arrows
Armour
 b - a +0 animal skin
 e - a +0 leather armour
 g - a +0 helmet
 x - a +0 scale mail
 y - a cursed +0 chain mail (worn)
 B - the cursed +0 helmet "Igiegg" (worn) {rF+ rC++ rN+}
   (You found it on level 5 of the Dungeon)

   It protects you from fire.
   It greatly protects you from cold.
   It protects you from negative energy.
   It has a curse placed upon it.
Jewellery
 d - a ring of protection from fire (right hand)
 h - a +3 ring of intelligence (left hand)
 l - an amulet of harm (around neck)
 z - an uncursed ring of positive energy {unknown}
Scrolls
 i - 2 scrolls of fear {unknown}
 j - 3 scrolls of remove curse {unknown}
 n - a scroll of fog {unknown}
 p - 3 scrolls of amnesia {unknown}
 q - a scroll of enchant weapon {unknown}
 s - 6 scrolls of teleportation {unknown}
 u - 4 scrolls of identify
 v - 2 scrolls of random uselessness {unknown}
 A - a scroll of vulnerability {unknown}
 C - a scroll of enchant armour {unknown}
Potions
 k - a potion of heal wounds
 t - 2 potions of curing
 w - a potion of lignification
Comestibles
 c - 5 bread rations
 o - 2 beef jerkies
 r - 4 meat rations


   Skills:
 + Level 7.2 Fighting
 + Level 7.7 Axes
 + Level 6.0 Armour
 + Level 4.4 Dodging


You had 7 spell levels left.
You didn't know any spells.

Dungeon Overview and Level Annotations

Branches:
Dungeon (5/15)             Temple (0/1) D:4

Altars:
Dithmenos
Gozag
Kikubaaqudgha
Makhleb
Okawaru
Pakellas
Xom


Innate Abilities, Weirdness & Mutations

You are partially covered in rugged brown scales (AC +1, +3% HP).


Message History

The steam dragon is moderately wounded.
The steam dragon bites you but does no damage.
The steam dragon claws you but does no damage.
You hit the steam dragon but do no damage.
The steam dragon is moderately wounded.
The steam dragon closely misses you.
The steam dragon claws you but does no damage.
You hit the steam dragon.
The steam dragon is moderately wounded.
The steam dragon bites you.
* * * LOW HITPOINT WARNING * * *
The steam dragon claws you.
* * * LOW HITPOINT WARNING * * *
The steam dragon breathes steam at you. The ball of steam hits you! You resist.
* * * LOW HITPOINT WARNING * * *
The steam dragon barely misses you.
The steam dragon claws you but does no damage.
The steam dragon bites you.
You die...

#...#.# #.###.# #.....#
######.# ### ###P.####.#
..### #######...P.P##.#
....#######P.P.≈≈≈≈...P##.#
.......≈.......§§§.....≈#.#
.........P≈PP.≈§@DP....P#.#
≈^≈..≈..#########.≈...P.#.#
.######### ##.PP≈≈##.#
##...[(..######## #.≈.##..#
...#####.#......# #####..##
#### #.#......# #.....### #
#........###'##....#
##.................#######
P #........................


You could see a steam dragon.

Vanquished Creatures
  The ghost of Monkfish the Unseen, a novice KoAs (D:4)
  A steam dragon (D:5)
  A sky beast (D:3)
  An ogre (D:4)
  2 scorpions
  A crimson imp (D:4)
  An orc priest (D:4)
  3 hounds
  A giant frog skeleton (D:4)
  2 iguanas (D:5)
  3 worker ants
  5 orc wizards
  2 worker ant zombies (D:5)
  7 gnolls (D:2)
  8 adders
  A shadow imp (D:5)
  An adder skeleton (D:5)
  2 worms (D:3)
  3 dart slugs
  A giant gecko (D:4)
  14 orcs
  6 giant cockroaches
  13 goblins
  5 hobgoblins
  8 jackals
  2 quokkas (D:3)
  A ball python (D:2)
  6 bats
  6 giant newts
  7 kobolds
  10 rats
  11 fungi (D:5)
  3 plants (D:5)
139 creatures vanquished.

Notes
Turn   | Place    | Note
--------------------------------------------------------------
     0 | D:1      | nikopol the Hill Orc Berserker began the quest for the Orb.
     0 | D:1      | Reached XP level 1. HP: 19/19 MP: 1/1
    60 | D:1      | HP: 1/28 [jackal (3)]
    67 | D:1      | Reached XP level 2. HP: 3/27 MP: 2/2
   714 | D:2      | Reached XP level 3. HP: 33/33 MP: 3/3
  1122 | D:2      | Reached ** piety under Trog
  1140 | D:2      | Reached skill level 5 in Axes
  1140 | D:2      | Reached XP level 4. HP: 12/40 MP: 4/4
  1864 | D:3      | Found an ancient bone altar of Kikubaaqudgha.
  1874 | D:3      | Reached XP level 5. HP: 33/47 MP: 5/5
  2679 | D:3      | Reached *** piety under Trog
  3071 | D:3      | Noticed a sky beast
  3082 | D:3      | HP: 2/47 [sky beast (7)]
  3085 | D:3      | Killed a sky beast
  3085 | D:3      | Reached skill level 5 in Fighting
  3085 | D:3      | Reached XP level 6. HP: 4/56 MP: 6/6
  3550 | D:4      | Found a staircase to the Ecumenical Temple.
  3699 | D:4      | Found an opulent altar of Gozag.
  4097 | D:4      | Found an oddly glowing altar of Pakellas.
  4344 | D:4      | Found a burning altar of Makhleb.
  4345 | D:4      | Found a shimmering altar of Xom.
  4349 | D:4      | Reached XP level 7. HP: 59/61 MP: 7/7
  4421 | D:4      | Noticed Monkfish's ghost (novice KoAs)
  4438 | D:4      | Killed Monkfish's ghost
  4532 | D:4      | Reached skill level 5 in Armour
  4608 | D:4      | HP: 2/64 [orc priest/divine providence (13)]
  5147 | D:4      | Reached XP level 8. HP: 50/71 MP: 8/8
  5159 | D:5      | Entered Level 5 of the Dungeon
  5922 | D:5      | Gained mutation: You are partially covered in rugged brown scales (AC +1, +3% HP). [potion of beneficial mutation]
  6115 | D:5      | Got a bloodstained helmet
  6126 | D:5      | Identified the cursed +0 helmet "Igiegg" {rF+ rC++ rN+} (You found it on level 5 of the Dungeon)
  6258 | D:5      | Found a shadowy altar of Dithmenos.
  6259 | D:5      | Found an iron altar of Okawaru.
  6627 | D:5      | Slain by a steam dragon

Skill      XL: |  1  2  3  4  5  6  7  8 |
---------------+-------------------------+-----
Dodging        | 2 3 4 |  4.4
Fighting       | 4 5 6 7 |  7.2
Axes           | 5 6 7 |  7.7
Armour         | 3 4 5 6 |  6.0

Action                   |  1- 3 |  4- 6 |  7- 9 || total
-------------------------+-------+-------+-------++-------
Melee: Hand axe          |    80 |   263 |   524 ||   867
Invok: Berserk           |     2 |     3 |     2 ||     7
       Burn Spellbooks   |       |     1 |     1 ||     2
       Trog's Hand       |       |     1 |     1 ||     2
  Use: Scroll            |       |       |     4 ||     4
       Potion            |       |       |     2 ||     2
 Stab: Sleeping          |       |     1 |       ||     1
  Eat: Chunk             |     2 |    13 |     8 ||    23
       Pizza             |       |     1 |       ||     1
       Beef jerky        |       |       |     1 ||     1
Armor: Animal skin       |     2 |       |       ||     2
       Leather armour    |    23 |    52 |       ||    75
       Scale mail        |       |    46 |    29 ||    75
       Chain mail        |       |       |    78 ||    78
Dodge: Dodged            |    39 |   156 |    96 ||   291
